 Dungeon Crawl Stone Soup version 0.21-a0-498-g1b60429 (webtiles) character file.

359 tidbits the Grasshopper (level 6, 1/51 HPs)
             Began as a Gnoll Warper on Nov 24, 2017.
             Was a Follower of Cheibriados.
             Quit the game on level 5 of the Dungeon.
             The game lasted 00:13:11 (1529 turns).

tidbits the Grasshopper (Gnoll Warper)              Turns: 1529, Time: 00:13:11

Health: 1/51       AC:  5    Str: 20    XL:     6   Next: 65%
Magic:  7/14       EV: 14    Int: 21    God:    Cheibriados [*.....]
Gold:   220        SH:  5    Dex: 17    Spells: 4/15 levels left

rFire    . . .     SeeInvis .   a - +0 hand axe
rCold    . . .     Gourm    .   n - +0 buckler
rNeg     . . .     Faith    .   B - +2 leather armour {MR+}
rPois    .         Spirit   .   (no helmet)
rElec    .         Reflect  .   t - scarf {repulsion}
rCorr    .         Harm     .   (no gloves)
MR       +....                  (no boots)
Stlth    +++.......             (no amulet)
HPRegen  0.17/turn              i - ring of stealth
MPRegen  0.14/turn              A - +2 ring of intelligence

@: mighty, lethally poisoned (1 -> -2), repel missiles, very slow
A: distributed training, fangs 1, strong nose
a: Bend Time, Renounce Religion


You were on level 5 of the Dungeon.
You worshipped Cheibriados.
Cheibriados was aware of your devotion.
You were not hungry.

You visited 1 branch of the dungeon, and saw 5 of its levels.

You collected 220 gold pieces.

Inventory:

Hand Weapons
 a - a +0 hand axe (weapon)
Missiles
 e - 5 tomahawks of dispersal (quivered) {!f}
 o - 68 stones
 u - 21 bolts
 v - 55 arrows
Armour
 b - a +0 leather armour
 l - a +0 shield
 n - a +0 buckler (worn)
 p - a +0 ring mail
 t - a scarf of repulsion (worn)
   (You found it on level 3 of the Dungeon)
 B - a +2 leather armour of magic resistance (worn)
   (You found it on level 3 of the Dungeon)
Jewellery
 i - a ring of stealth (left hand)
   (You found it on level 1 of the Dungeon)
 A - a +2 ring of intelligence (right hand)
   (You found it on level 4 of the Dungeon)
Wands
 y - a wand of iceblast (4)
Scrolls
 d - a scroll of blinking
 g - a scroll of magic mapping {unknown}
 h - a scroll of fear
 j - a scroll of identify {unknown}
 k - 2 scrolls of teleportation {unknown}
 m - 2 scrolls of fog {unknown}
 q - a scroll of amnesia {unknown}
 r - a scroll of remove curse
Potions
 x - a potion of haste
Books
 c - a book of Spatial Translocations

   Spells                             Type                      Level
   a - Blink                          Translocation                2
   b - Shroud of Golubria             Charms/Translocation         2
   c - Lesser Beckoning               Translocation                3
   d - Gell's Gravitas                Translocation                3
   e - Teleport Other                 Translocation                3
   f - Passage of Golubria            Translocation                4
 w - a book of Necromancy
   (You found it on level 3 of the Dungeon)

   Spells                             Type                      Level
   a - Pain                           Necromancy                   1
   b - Animate Skeleton               Necromancy                   1
   c - Vampiric Draining              Necromancy                   3
   d - Regeneration                   Charms/Necromancy            3
   e - Animate Dead                   Necromancy                   4
   f - Control Undead                 Necromancy                   4
Comestibles
 f - 5 bread rations
 s - a royal jelly


   Skills:
 + Level 5.0 Fighting
 + Level 2.0 Short Blades
 + Level 2.0 Long Blades
 + Level 5.0 Axes
 + Level 2.0 Maces & Flails
 + Level 2.0 Polearms
 + Level 2.0 Staves
 + Level 2.0 Slings
 + Level 2.0 Bows
 + Level 2.0 Crossbows
 + Level 3.3 Throwing
 + Level 3.3 Armour
 + Level 5.0 Dodging
 + Level 2.0 Stealth
 + Level 2.0 Shields
 + Level 2.0 Unarmed Combat
 + Level 5.4 Spellcasting
 + Level 1.6 Conjurations
 + Level 1.6 Hexes
 + Level 1.6 Charms
 + Level 1.6 Summonings
 + Level 1.6 Necromancy
 + Level 5.7 Translocations
 + Level 1.6 Transmutations
 + Level 1.6 Fire Magic
 + Level 1.6 Ice Magic
 + Level 1.6 Air Magic
 + Level 1.6 Earth Magic
 + Level 1.6 Poison Magic
 + Level 2.2 Invocations
 + Level 2.0 Evocations


You had 4 spell levels left.
You knew the following spells:

 Your Spells              Type           Power        Failure   Level  Hunger
b - Blink                 Tloc           N/A          2%          2    None
g - Shroud of Golubria    Chrm/Tloc      ###.......   5%          2    None
l - Lesser Beckoning      Tloc           ####......   4%          3    ##.....
n - Animate Skeleton      Necr           N/A          9%          1    None
r - Regeneration          Chrm/Necr      ##........   24%         3    ##.....


Dungeon Overview and Level Annotations

Branches:
Dungeon (5/15)             Temple (0/1) D:5

Altars:
Cheibriados
Kikubaaqudgha
Vehumet
The Shining One

Annotations:
D:5 Thaneod's ghost, novice CeHu


Innate Abilities, Weirdness & Mutations

Your experience applies equally to all skills.
You have very sharp teeth.
Your uncanny sense of smell can sniff out nearby items.


Message History

The orc barely misses you. The worker ant closely misses you.
A gnoll comes into view. It is wielding a whip.
You closely miss the worker ant.
The worker ant is heavily wounded.
You hit the orc. You miss something. You block something's attack.
The orc barely misses you. The worker ant barely misses you.
You hit the worker ant.
The worker ant is severely wounded.
You closely miss the orc. You closely miss something.
Something hits you but does no damage. The orc misses you.
Something hits you but does no damage. The worker ant misses you.
A gnoll comes into view. It is wielding a whip.
You closely miss the worker ant.
The worker ant is severely wounded.
You miss something. You hit the orc but do no damage. Something hits you.
* * * LOW HITPOINT WARNING * * *
You block the orc's attack. Something hits you but does no damage.
The worker ant bites you.
* * * LOW HITPOINT WARNING * * *
The flow of time bends around you.
Cheibriados rebukes the orc.
The orc seems to slow down.
The worker ant resists with some effort.
Cheibriados rebukes something.
You feel slightly more hungry.
Cheibriados lowers the support of your attributes as your movement quickens.
The orc misses you. Something completely misses you.
An orc comes into view. It is wielding a war axe.
The orc shouts!
You hit the orc but do no damage.
The orc is lightly wounded.
You hit something but do no damage. You barely miss the worker ant.
The worker ant misses you. The orc closely misses you.
The flow of time bends around you.
Cheibriados rebukes the orc.
The orc seems to slow down.
Cheibriados rebukes the worker ant.
The worker ant seems to slow down.
Cheibriados rebukes the gnoll.
The gnoll seems to slow down.
Cheibriados rebukes something.
You feel slightly more hungry. The worker ant bites you.
* * * LOW HITPOINT WARNING * * *
You are poisoned.
The worker ant poisons you! Something hits you but does no damage.
A gnoll comes into view. It is wielding a halberd.
It was a potion of might.
You feel very mighty all of a sudden.
You feel sick. You block the orc's attack. The worker ant bites you.
* * * LOW HITPOINT WARNING * * *
Something hits you.
* * * LOW HITPOINT WARNING * * *
A gnoll comes into view.
You slash the gnoll!
The gnoll is almost dead.
You hit the worker ant. You closely miss the orc.
You completely miss something. You slash the gnoll!
You feel sick. The gnoll hits you with a whip.
* * * LOW HITPOINT WARNING * * *
The gnoll closely misses you. The orc barely misses you.
The worker ant closely misses you.
You barely miss the gnoll. Your bite misses the gnoll.
The gnoll is almost dead.
You slash the gnoll!
You kill the gnoll!
Cheibriados appreciates the change of pace.
Your Short Blades skill increases to level 2!
Your Long Blades skill increases to level 2!
Your Maces & Flails skill increases to level 2!
Your Polearms skill increases to level 2!
Your Staves skill increases to level 2!
Your Slings skill increases to level 2!
Your Bows skill increases to level 2!
Your Crossbows skill increases to level 2!
Your Stealth skill increases to level 2!
Your Shields skill increases to level 2!
Your Unarmed Combat skill increases to level 2!
Your Evocations skill increases to level 2!
You hit the orc. You miss something. You slash the worker ant!
You kill the worker ant!
Cheibriados appreciates the change of pace.
You block the gnoll's attack. Something hits you but does no damage.
The gnoll hits you but does no damage. The orc closely misses you.
You completely miss the orc. You slash the orc!
You kill the orc!
You slash something! You hit the gnoll.
You kill the gnoll!
You block the orc's attack. The gnoll hits you but does no damage.
Something completely misses you.
The gnoll throws a throwing net.
The throwing net is repelled.
You hit the orc but do no damage. You barely miss something.
You feel sick. You block the orc's attack. Something hits you.
* * * LOW HITPOINT WARNING * * *
The gnoll closely misses you.
You closely miss the orc. You barely miss something.
The orc hits you with a war axe.
* * * LOW HITPOINT WARNING * * *
Something hits you.
* * * LOW HITPOINT WARNING * * *
The gnoll misses you.
Are you sure you want to abandon this character and quit the game? (Confirm with "yes".)

.P.....(.
###.#####
#.#...##
#......##
###.......#
.........#
#g...%..#
##go).[##
#.{@)...#
#.......#
#.......#
##.....##
##..(##
#####


You could see 2 gnolls and an orc.

Vanquished Creatures
  3 orc priests (D:3)
  A centaur skeleton (D:4)
  An iguana (D:4)
  3 worker ants
  2 gnolls (D:5)
  5 adders
  2 shadow imps (D:3)
  An adder skeleton (D:4)
  A worm (D:2)
  9 orcs
  4 bats
  2 giant cockroaches
  5 goblins
  7 hobgoblins
  8 jackals
  3 quokkas
  2 frilled lizards
  A kobold (D:3)
  A leopard gecko skeleton (D:4)
  3 rats
64 creatures vanquished.

Vanquished Creatures (collateral kills)
  A bat (D:3)
1 creature vanquished.

Vanquished Creatures (others)
  A human (D:4)
1 creature vanquished.

Grand Total: 66 creatures vanquished

Notes
Turn   | Place    | Note
-------+----------+-------------------------------------------
     0 | D:1      | tidbits the Gnoll Warper began the quest for the Orb.
     0 | D:1      | Reached XP level 1. HP: 20/20 MP: 6/6
    90 | D:1      | Reached XP level 2. HP: 24/26 MP: 7/7
   186 | D:1      | Reached XP level 3. HP: 13/31 MP: 9/9
   228 | D:1      | Found a glowing golden altar of the Shining One.
   256 | D:2      | Reached skill level 5 in Spellcasting
   270 | D:2      | Found a radiant altar of Vehumet.
   464 | D:2      | Found a snail-covered altar of Cheibriados.
   470 | D:2      | Became a worshipper of Cheibriados the Contemplative
   476 | D:2      | Reached skill level 1 in Invocations
   484 | D:2      | Learned a level 2 spell: Blink
   487 | D:2      | Learned a level 2 spell: Shroud of Golubria
   600 | D:3      | Reached skill level 1 in Short Blades
   600 | D:3      | Reached skill level 1 in Long Blades
   600 | D:3      | Reached skill level 1 in Maces & Flails
   600 | D:3      | Reached skill level 1 in Polearms
   600 | D:3      | Reached skill level 1 in Staves
   600 | D:3      | Reached skill level 1 in Slings
   600 | D:3      | Reached skill level 1 in Bows
   600 | D:3      | Reached skill level 1 in Crossbows
   600 | D:3      | Reached skill level 1 in Stealth
   600 | D:3      | Reached skill level 1 in Shields
   600 | D:3      | Reached skill level 1 in Unarmed Combat
   600 | D:3      | Reached skill level 1 in Evocations
   600 | D:3      | Reached XP level 4. HP: 22/38 MP: 11/11
   631 | D:3      | Learned a level 1 spell: Animate Skeleton
   666 | D:3      | Learned a level 3 spell: Lesser Beckoning
   719 | D:3      | Learned a level 3 spell: Regeneration
   812 | D:4      | Reached skill level 1 in Conjurations
   812 | D:4      | Reached skill level 1 in Hexes
   812 | D:4      | Reached skill level 1 in Charms
   812 | D:4      | Reached skill level 1 in Summonings
   812 | D:4      | Reached skill level 1 in Necromancy
   812 | D:4      | Reached skill level 1 in Transmutations
   812 | D:4      | Reached skill level 1 in Fire Magic
   812 | D:4      | Reached skill level 1 in Ice Magic
   812 | D:4      | Reached skill level 1 in Air Magic
   812 | D:4      | Reached skill level 1 in Earth Magic
   812 | D:4      | Reached skill level 1 in Poison Magic
   836 | D:5      | Entered Level 5 of the Dungeon
   848 | D:4      | Reached XP level 5. HP: 35/43 MP: 9/12
   877 | D:5      | HP: 4/43 [poisoned by a worker ant]
   880 | D:5      | Found a staircase to the Ecumenical Temple.
   881 | D:5      | Noticed Thaneod's ghost (novice CeHu)
   973 | D:3      | Reached * piety under Cheibriados
   974 | D:3      | Reached skill level 3 in Throwing
   974 | D:3      | Reached skill level 3 in Armour
  1058 | D:3      | Found a transporter.
  1080 | D:3      | Reached skill level 2 in Invocations
  1080 | D:3      | Reached XP level 6. HP: 50/50 MP: 13/13
  1088 | D:3      | Found a transporter.
  1277 | D:4      | Found an ancient bone altar of Kikubaaqudgha.
  1278 | D:4      | Noticed a human
  1281 | D:4      | Killed a human
  1497 | D:4      | Reached skill level 5 in Fighting
  1497 | D:4      | Reached skill level 5 in Axes
  1497 | D:4      | Reached skill level 5 in Dodging
  1524 | D:5      | HP: 5/51 [gnoll/whip (3)]
  1525 | D:5      | Reached skill level 2 in Short Blades
  1525 | D:5      | Reached skill level 2 in Long Blades
  1525 | D:5      | Reached skill level 2 in Maces & Flails
  1525 | D:5      | Reached skill level 2 in Polearms
  1525 | D:5      | Reached skill level 2 in Staves
  1525 | D:5      | Reached skill level 2 in Slings
  1525 | D:5      | Reached skill level 2 in Bows
  1525 | D:5      | Reached skill level 2 in Crossbows
  1525 | D:5      | Reached skill level 2 in Stealth
  1525 | D:5      | Reached skill level 2 in Shields
  1525 | D:5      | Reached skill level 2 in Unarmed Combat
  1525 | D:5      | Reached skill level 2 in Evocations
  1528 | D:5      | HP: 2/51 [orc/war axe (1)]
  1529 | D:5      | Quit the game

Vault maps used:
D:1:      dpeg_arrival_court, tso_metal_star
D:2:      lemuel_crystal_altar, nicolae_overflow_crystal_walls,
          grunt_gozag_breadcrumbs
D:3:      gammafunk_wand_slinger, first_bread, grunt_decor_fettered
D:4:      tgw_kikubaaqudgha
D:5:      minmay_temple_entry_overgrown

Skill      XL: |  1  2  3  4  5  6 |
---------------+-------------------+-----
Spellcasting   | 5 |  5.4
Invocations    | 1 2 |  2.2
Short Blades   | 1 2 |  2.0
Long Blades    | 1 2 |  2.0
Maces & Flails | 1 2 |  2.0
Polearms       | 1 2 |  2.0
Staves         | 1 2 |  2.0
Slings         | 1 2 |  2.0
Bows           | 1 2 |  2.0
Crossbows      | 1 2 |  2.0
Stealth        | 1 2 |  2.0
Shields        | 1 2 |  2.0
Unarmed Combat | 1 2 |  2.0
Evocations     | 1 2 |  2.0
Conjurations   | 1 |  1.6
Hexes          | 1 |  1.6
Charms         | 1 |  1.6
Summonings     | 1 |  1.6
Necromancy     | 1 |  1.6
Transmutations | 1 |  1.6
Fire Magic     | 1 |  1.6
Ice Magic      | 1 |  1.6
Air Magic      | 1 |  1.6
Earth Magic    | 1 |  1.6
Poison Magic   | 1 |  1.6
Throwing       | 3 |  3.3
Armour         | 3 |  3.3
Fighting       | 5 |  5.0
Axes           | 5 |  5.0
Dodging        | 5 |  5.0
Translocations | |  5.7

Action                   |  1- 3 |  4- 6 || total
-------------------------+-------+-------++-------
Melee: Hand axe          |   121 |   129 ||   250
       Bite              |    17 |    12 ||    29
Throw: Tomahawk          |       |     3 ||     3
 Cast: Shroud of Golubri |       |     8 ||     8
       Animate Skeleton  |       |     3 ||     3
       Regeneration      |       |     2 ||     2
Invok: Bend Time         |       |     4 ||     4
Evoke: Wand              |       |     5 ||     5
  Use: Potion            |     1 |     3 ||     4
       Scroll            |       |     2 ||     2
 Stab: Sleeping          |     2 |     3 ||     5
  Eat: Chunk             |       |     2 ||     2
Armor: Leather armour    |    16 |    23 ||    39
Dodge: Dodged            |    85 |   102 ||   187
       Deflected         |       |     1 ||     1
Block: Buckler           |    15 |    31 ||    46

Table legend:
 A = Spawn XP
 B = Non-spawn XP
 C = Spawn XP percentage of total XP
 D = Spawn monster count
 E = Non-spawn monster count
 F = Spawn count percentage of total count
 G = Total turns spent on level
                    A         B        C        D         E        F      G
               +---------+---------+-------+---------+---------+-------+---------
         Total |       0 |     514 |   0.0 |       0 |      65 |   0.0 |  1529
               +---------+---------+-------+---------+---------+-------+---------
           D:1 |       0 |      22 |   0.0 |       0 |      12 |   0.0 |   208
           D:2 |       0 |      43 |   0.0 |       0 |       9 |   0.0 |   314
           D:3 |       0 |     208 |   0.0 |       0 |      30 |   0.0 |   413
           D:4 |       0 |     139 |   0.0 |       0 |       8 |   0.0 |   527
           D:5 |       0 |     102 |   0.0 |       0 |       6 |   0.0 |    67
               +---------+---------+-------+---------+---------+-------+---------

Table legend:
 A = Turns spent in this place as a percentage of turns spent in the entire game.
 B = Non-inter-level travel turns spent in this place as a percentage of non-inter-level travel turns spent in the entire game.
 C = Inter-level travel turns spent in this place as a percentage of turns spent in this place.
 D = Turns resting spent in this place as a percentage of non-inter-level travel turns spent in this place.
 E = Turns spent auto-exploring this place as a percentage of non-inter-level travel turns spent in this place.
 F = Non-inter-level travel turns spent in this place divided by the number of levels of this place that you've seen.
                   A       B       C       D       E      F
               +-------+-------+-------+-------+-------+----------------------
         Total | 100.0 | 100.0 |   3.3 |   0.0 |   0.0 | 295.6
       Dungeon | 100.0 | 100.0 |   3.3 |   0.0 |   0.0 | 295.6
               +-------+-------+-------+-------+-------+----------------------

Table legend:
 A = Kills in this place as a percentage of kills in entire the game.
 B = Kills by you in this place as a percentage of kills by you in the entire game.
 C = Kills by friends in this place as a percentage of kills by friends in the entire game.
 D = Other kills in this place as a percentage of other kills in the entire game.
 E = Experience gained in this place as a percentage of experience gained in the entire game.
 F = Experience gained in this place divided by the number of levels of this place that you have seen.
                   A       B       C       D       E      F
               +-------+-------+-------+-------+-------+----------------------
         Total | 100.0 | 100.0 | 100.0 |   N/A | 100.0 | 102.8
       Dungeon | 100.0 | 100.0 | 100.0 |   N/A | 100.0 | 102.8
               +-------+-------+-------+-------+-------+----------------------

Vault maps used:
D:1:      dpeg_arrival_court, tso_metal_star
D:2:      lemuel_crystal_altar, nicolae_overflow_crystal_walls,
          grunt_gozag_breadcrumbs
D:3:      gammafunk_wand_slinger, first_bread, grunt_decor_fettered
D:4:      tgw_kikubaaqudgha
D:5:      minmay_temple_entry_overgrown
